 Dungeon Crawl Stone Soup version 0.28-a0-973-ga7f8b01127 (webtiles) character file.

Game seed: 8856245260460667173

301 browni3141 the Covered (level 5, 0/46 HPs)
             Began as a Demigod Fighter on Dec 1, 2021.
             Slain by an orc (6 damage)
             ... on level 4 of the Dungeon.
             The game lasted 00:07:08 (1729 turns).

browni3141 the Covered (Demigod Fighter)            Turns: 1729, Time: 00:07:08

Health: 0/46       AC:  7    Str: 17    XL:     5   Next: 90%
Magic:  7/7        EV: 10    Int: 10    God:
Gold:   59         SH:  5    Dex: 17    Spells: 4/4 levels left

rFire   . . .      SeeInvis .   a - +0 long sword
rCold   . . .      Faith    .   c - +0 buckler
rNeg    . . .      Spirit   .   b - +0 scale mail
rPois   .          Reflect  .   (no helmet)
rElec   .          Harm     .   l - scarf {+Inv}
rCorr   .          Rampage  .   (no gloves)
Will    .....                   (no boots)
Stlth   ..........              (no amulet)
HPRegen 0.15/turn               (no ring)
MPRegen 0.10/turn               (no ring)

@: studying Staves
A: high mp 1, forlorn, divine attributes
a: Evoke Invisibility


You were on level 4 of the Dungeon.
You visited 1 branch of the dungeon, and saw 4 of its levels.

You collected 59 gold pieces.

Inventory:

Hand Weapons
 a - a +0 long sword (weapon)
Missiles
 d - 4 datura-tipped darts (quivered)
 g - 19 arrows
Armour
 b - a +0 scale mail (worn)
 c - a +0 buckler (worn)
 l - a scarf of invisibility (worn)
Scrolls
 e - a scroll of immolation {unknown}
 h - a scroll of noise {unknown}
 n - a scroll of torment {unknown}
Potions
 f - a potion of flight {unknown}
 i - a potion of haste {unknown}
 j - 2 potions of resistance {unknown}
 k - a potion of heal wounds {unknown}
 m - a potion of lignification {unknown}


   Skills:
 * Level 3.8 Fighting
 + Level 2.5 Long Blades
 * Level 3.9 Armour
 * Level 2.6 Dodging
 + Level 3.3 Shields


You had 4 spell levels left.
You didn't know any spells.
Your spell library was empty.

Dungeon Overview and Level Annotations

Branches:
Dungeon (4/15)
 Temple: D:4-7


Innate Abilities, Weirdness & Mutations

You have an increased reservoir of magic. (+10% MP)
You shall have no god before yourself.
Your divine heritage dramatically boosts your attributes as you level up.


Message History

You block the orc's attack.
You hit the orc.
The orc is heavily wounded.
The orc wizard mumbles some strange words.
The orc wizard flickers and vanishes!
Deactivating autopickup; reactivate with Ctrl-A.
The orc hits you with a +0 short sword.
* * * LOW HITPOINT WARNING * * *
You closely miss the orc.
The orc is heavily wounded.
Something hits you.
* * * LOW HITPOINT WARNING * * *
You block the orc's attack.
Unknown command.
You hit the orc.
You kill the orc!
Something hits you.
* * * LOW HITPOINT WARNING * * *
Something hits you but does no damage.
Unknown command.
Things that are here:
a +0 short sword; a +0 leather armour
Items here: )))) [ ÷ †††.
An orc comes into view. It is wielding a +0 club.
The orc shouts!
You hear some strange, mumbled words.
A magic dart appears from out of thin air!
The magic dart hits you.
* * * LOW HITPOINT WARNING * * *
You hear some strange, mumbled words.
A puff of flame appears from out of thin air!
You block the puff of flame.
The orc shouts!
An orc wizard appears from thin air!
Reactivating autopickup.
The orc hits you but does no damage.
Things that are here:
a +0 spear; a gnoll skeleton The orc hits you with a +0 hand axe.
You die...

###)#.#####.#####.#
#.#.#####.#
#.........#####.##
###.######.......# #.#
#.#####.# #.# #.# . #.#
#(# .##
#.######o######..#
#.##...@)o..o.##.#
#....#)##..##..#.#
#......#..#.###o.#...#
###........#..###.##.#
.......#....##).##.#.#
#####.#####.#.#.{o#..#.#
#.# #.)##.##....$# #.#
##.......###.# ##+#
####.#### .#


You could see an orc wizard and 3 orcs.

Vanquished Creatures
  A phantom (D:4)
  An orc priest (D:4)
  3 iguanas
  8 gnolls
  A dart slug (D:3)
  5 orcs (D:4)
  2 ball pythons (D:4)
  A bat (D:3)
  4 endoplasms
  A giant cockroach (D:4)
  3 goblins
  A hobgoblin (D:4)
  6 jackals
  3 kobolds
  A frilled lizard (D:3)
  A jackal skeleton (D:4)
  A quokka skeleton (D:4)
  2 rats
45 creatures vanquished.

Notes
Turn   | Place    | Note
-------+----------+-------------------------------------------
     0 | D:1      | browni3141 the Demigod Fighter began the quest for the Orb.
     0 | D:1      | Reached XP level 1. HP: 18/18 MP: 3/3
    14 | D:1      | You fall into a shaft and drop 1 floor!
   194 | D:2      | Reached XP level 2. HP: 21/25 MP: 4/4
   274 | D:4      | Noticed an ogre
   365 | D:2      | Reached skill level 1 in Dodging
   515 | D:2      | Reached XP level 3. HP: 6/31 MP: 5/5
   810 | D:3      | Reached XP level 4. HP: 10/38 MP: 6/6
  1298 | D:4      | Noticed a phantom
  1326 | D:4      | Killed a phantom
  1327 | D:4      | Reached XP level 5. HP: 37/45 MP: 7/7
  1729 | D:4      | Slain by an orc

Illustrated notes

Levels and vault maps discovered:
D:1:      minmay_arrival_doors, layout_basic
D:2:      layout_basic
D:3:      minmay_octagon_keep, layout_rooms, ebering_ecumenical_altar_box,
          hangedman_decor_clover_reticule, minmay_puff
D:4:      layout_loops_corners, nicolae_ossuary_entry_false_entrances,
          serial_shops, shop, st_stairs_13, minmay_manual_mess

Skill      XL: |  1  2  3  4 |
---------------+-------------+-----
Fighting       | 3 |  3.8
Armour         | 3 |  3.9
Dodging        | 1 2 |  2.6
Long Blades    | 2 |  2.5
Shields        | 3 |  3.3

Action                   |  1- 3 |  4- 6 || total
-------------------------+-------+-------++-------
Melee: Long sword        |    53 |   102 ||   155
  Use: Potion            |       |     1 ||     1
Armor: Scale mail        |    18 |    32 ||    50
Dodge: Dodged            |    25 |    62 ||    87
Block: Buckler           |     9 |    27 ||    36

Table legend: (Time is in decaauts)
 A = Elapsed time spent in this place.
 B = Non-inter-level travel time spent in this place.
 C = Inter-level travel time spent in this place.
 D = Time resting spent in this place.
 E = Time spent auto-exploring this place.
 F = Levels seen in this place.
 G = Mean time per level.
                   A        B        C        D        E       F      G
               +--------+--------+--------+--------+--------+-----+--------+
         Total |   1784 |   1784 |      0 |    844 |     50 |   4 |  446.0 |
       Dungeon |   1784 |   1784 |      0 |    844 |     50 |   4 |  446.0 |
               +--------+--------+--------+--------+--------+-----+--------+

Top non-repeatable levels by time:
     D:3: 744 daAuts
     D:4: 524 daAuts
     D:2: 501 daAuts
     D:1: 14 daAuts
